 Dungeon Crawl Stone Soup version 0.21.1-1-g345015f (webtiles) character file.

21 Fang the Skirmisher (level 2, -5/24 HPs)
             Began as a Demonspawn Abyssal Knight on May 30, 2018.
             Was a Follower of Lugonu.
             Slain by Terence
             ... wielding a +5 mace of holy wrath
              (7 damage)
             ... on level 2 of the Dungeon.
             The game lasted 00:00:58 (930 turns).

Fang the Skirmisher (Demonspawn Abyssal Knight)      Turns: 930, Time: 00:00:59

Health: -5/24      AC:  3    Str: 12    XL:     2   Next: 62%
Magic:  3/3        EV: 11    Int: 13    God:    Lugonu [*.....]
Gold:   52         SH:  4    Dex:  9    Spells: 1/1 levels left

rFire    . . .     SeeInvis .   a - +1 hand axe
rCold    . . .     Gourm    .   (no shield)
rNeg     . . .     Faith    .   b - +0 leather armour
rPois    .         Spirit   .   (no helmet)
rElec    .         Reflect  +   (no cloak)
rCorr    .         Harm     .   (no gloves)
MR       .....                  (no boots)
Stlth    +.........             d - +4 amulet of reflection
HPRegen  0.08/turn              o - -3 ring of dexterity (curse)
MPRegen  0.08/turn              (no ring)

@: no status effects
A: claws 1
a: Depart the Abyss, Renounce Religion


You were on level 2 of the Dungeon.
You worshipped Lugonu.
Lugonu was aware of your devotion.
You were not hungry.

You visited 1 branch of the dungeon, and saw 2 of its levels.
You visited the Abyss 1 time.

You collected 52 gold pieces.

Inventory:

Hand Weapons
 a - a +1 hand axe (weapon)
Armour
 b - a +0 leather armour (worn)
Jewellery
 d - a +4 amulet of reflection (around neck)
 o - a cursed -3 ring of dexterity (left claw)
Scrolls
 f - a scroll of immolation {unknown}
 g - a scroll of remove curse {unknown}
 i - a scroll of magic mapping {unknown}
 m - a scroll of teleportation {unknown}
Potions
 e - a potion of might {unknown}
 h - a potion of ambrosia {unknown}
 j - a potion of resistance {unknown}
 k - a potion of agility {unknown}
 l - a potion of cancellation {unknown}
 n - a potion of degeneration {unknown}
Comestibles
 c - 3 rations


   Skills:
 + Level 3.2 Fighting
 + Level 2.3 Axes
 + Level 2.0 Armour
 + Level 1.1 Dodging
 + Level 0.1 Stealth
 + Level 2.6 Invocations


You had one spell level left.
You didn't know any spells.

Dungeon Overview and Level Annotations

Branches:
Dungeon (2/15)

Altars:

Annotations:
D:2 Terence


Innate Abilities, Weirdness & Mutations

You have sharp fingernails.


Message History

You are too injured to fight recklessly!
You are too injured to fight recklessly!
You are too injured to fight recklessly!
You are too injured to fight recklessly!
You are too injured to fight recklessly!
You are too injured to fight recklessly!
A goblin comes into view.
The goblin shouts!
You block Terence's attack.
You barely miss Terence. Terence barely misses you.
You barely miss Terence.
Terence hits you with a mace of holy wrath.
* * * LOW HITPOINT WARNING * * *
You convulse.
* * * LOW HITPOINT WARNING * * *
You hit Terence but do no damage. Terence barely misses you.
You hit Terence but do no damage. Terence closely misses you.
You barely miss Terence. You closely miss the goblin.
Terence hits you with a mace of holy wrath!
You die...

...# .# #.. ###.#
##. #.. ###...# #..
#..###...# ...
#.##......######.#
#........#####...#
###....#.......#
#..#..<......#####..
#..
#######..@@..$..#
..! ##$.g...... ##
...........
####.##..... ..#
.#### .## # . #.


You could see Terence and a goblin.

Vanquished Creatures
  A giant cockroach (D:1)
  4 goblins (D:1)
  5 hobgoblins (D:1)
  A ball python (D:1)
  3 bats (D:1)
  2 frilled lizards (D:1)
  2 kobolds (D:1)
  2 rats (D:1)
20 creatures vanquished.

Notes
Turn   | Place    | Note
-------+----------+-------------------------------------------
     0 | Abyss:1  | Fang the Demonspawn Abyssal Knight began the quest for the Orb.
     0 | Abyss:1  | Reached XP level 1. HP: 18/18 MP: 2/2
    20 | Abyss:1  | Found an opulent altar of Gozag.
    60 | Abyss:1  | Noticed a tentacled starspawn
    66 | D:1      | Escaped the Abyss
   184 | D:1      | Reached * piety under Lugonu
   219 | D:1      | Reached skill level 1 in Dodging
   449 | D:1      | Gained mutation: You have sharp fingernails. [demonic ancestry]
   449 | D:1      | Reached XP level 2. HP: 22/24 MP: 3/3
   920 | D:2      | Noticed Terence
   930 | D:2      | Slain by Terence

Skill      XL: |  1 |
---------------+----+-----
Dodging        | 1 |  1.1
Axes           | 2 |  2.3
Armour         | 2 |  2.0
Fighting       | |  3.2
Stealth        | |  0.1
Invocations    | |  2.6

Action                   || total
-------------------------++-------
Melee: Hand axe          ||    53
Invok: Depart the Abyss  ||     1
Armor: Leather armour    ||    15
Dodge: Dodged            ||    17
Block: Other             ||     6
